 Dungeon Crawl Stone Soup version 0.17-a0-1123-g6d3914c (console) character file.

5808 Monkaria the Grappler (level 10, -13/74 HPs)
             Began as a Demonspawn Chaos Knight on May 24, 2015.
             Killed by the air
             ... invoked by Gastronok
              (25 damage)
             ... on level 9 of the Dungeon.
             The game lasted 00:22:23 (9764 turns).

Monkaria the Grappler (Demonspawn Chaos Knight)     Turns: 9764, Time: 00:22:24

Health: -13/74     AC: 11    Str: 15    XL:     10   Next: 50%
Magic:  0/10       EV: 11    Int: 13    God:    Xom [.....*]
Gold:   563        SH:  0    Dex: 14    Spells: 0 memorised, 9 levels left

rFire  . . .     SeeInvis .     D - +0 blowgun
rCold  + . .     Clarity  .     M - +0 chain mail
rNeg   . . .     SustAt   .     (no shield)
rPois  .         Gourm    .     (no helmet)
rElec  .         Spirit   +     (no cloak)
rCorr  .         Warding  .     (no gloves)
rMut   .         Stasis   .     (no boots)
MR     .....                    (no amulet)
Stlth  ..........               j - +4 ring of evasion
                                I - ring of protection from cold

@: very slightly contaminated, invisible, not resistant to hostile enchantments,
extremely unstealthy
A: claws 1, hooves 2, demonic guardian 1, magic shield, magic regeneration,
magic link
a: Renounce Religion


You were on level 9 of the Dungeon.
You worshipped Xom.
You were Xom's teddy bear.
You were not hungry.

You visited 2 branches of the dungeon, and saw 10 of its levels.

You collected 563 gold pieces.

Inventory:

Hand weapons
 a - a +0 falchion of chaos
 l - a +0 long sword
 n - a +0 rapier of chaos
 D - a +0 blowgun (weapon)
Missiles
 q - 39 poisoned needles (quivered)
 w - 4 tomahawks
 B - 2 curare-tipped needles
 C - 5 javelins
Armour
 b - a +3 leather armour
 M - a +0 chain mail (worn)
 N - a +0 large shield
Jewellery
 g - a +4 ring of intelligence
 j - a +4 ring of evasion (right claw)
 s - an uncursed ring of fire
 I - a ring of protection from cold (left claw)
 P - an uncursed ring of ice
Magical devices
 h - a wand of random effects (13)
 r - a wand of disintegration (10)
 E - a wand of fireball (8)
 G - a wand of slowing (42)
 L - a wand of fire (10)
Scrolls
 e - 2 scrolls of teleportation
 f - a scroll of noise
 u - a scroll of enchant armour
 v - 8 scrolls of identify {unknown}
 y - 2 scrolls of recharging
 F - a scroll of remove curse
 H - a scroll of holy word {unknown}
 J - 2 scrolls of amnesia {unknown}
 K - a scroll of enchant weapon {unknown}
 R - a scroll of brand weapon {unknown}
Potions
 d - 2 potions of agility {unknown}
 i - 2 potions of heal wounds
 k - a potion of beneficial mutation {unknown}
 o - a potion of brilliance {unknown}
 p - a potion of berserk rage {unknown}
 t - a potion of cancellation {unknown}
 x - 2 potions of might
 A - a potion of ambrosia {unknown}
Comestibles
 c - 5 bread rations
 m - 3 meat rations
 z - 4 fruits
 O - a royal jelly


   Skills:
 - Level 5.0 Fighting
 - Level 2.6 Long Blades
 + Level 9.9 Armour
 - Level 0.8 Dodging
 - Level 10.1 Unarmed Combat


You had 9 spell levels left.
You didn't know any spells.

Dungeon Overview and Level Annotations

Branches:
Dungeon (9/15)             Temple (1/1) D:7            Lair (0/8) D:9
    Orc: D:9-12

Altars:
Ashenzari
Cheibriados
Dithmenos
Elyvilon
Fedhas
Gozag
Kikubaaqudgha
Makhleb
Nemelex Xobeh
Okawaru
Qazlal
Ru
Sif Muna
Trog
Vehumet
Xom
Yredelemnul
Zin
The Shining One

Annotations:
D:9 Gastronok


Innate Abilities, Weirdness & Mutations

You have sharp fingernails.
You have hoof-like feet.
A weak demonic guardian rushes to your aid.
When hurt, damage is shared between your health and your magic reserves.
You regenerate magic rapidly.
When low on magic, you restore magic in place of health.


Message History

Unknown command.
Your ufetubus hits Gastronok. x2
Gastronok waves his eye-stalks in wide circles.
Your ufetubus is struck by the twisting air!
Your ufetubus dies!
Your iron imp hits Gastronok.
Wield which item (- for none, * to show all)? (? for menu, Esc to quit)
D - a +0 blowgun (weapon)
Firing (i - inventory. (,) - cycle):
q - 40 poisoned needles (quivered)
Press: ? - help, Shift-Dir - straight line, f/p - Gastronok
Aim: Gastronok, wearing a hat (severely wounded, poisoned, covering ground quickly)
You shoot a poisoned needle. The poisoned needle hits Gastronok!
Gastronok looks even sicker.
Gastronok is severely wounded.
Xom smirks.
You feel aware of your surroundings.
Your iron imp hits Gastronok!
Gastronok waves his eye-stalks in wide circles.
The air twists around and strikes you!
You die...
Xom thinks this is hilarious!

* ****,* #.######### ## >, * #.#
#. ***** ##'######### ** #.**
#..........# ,* *#####.###
#..........# , *........#
#.........<# # ,, *........#
#>.........### +
*........#######..........').
,,*,,..(...w....@..#..........###
, * .......5#####.'......)...# ,
* *........# ###..........# *
........# #.......>..# ,*
*........# #..........# *
........# ############ *#########


You could see Gastronok and a friendly iron imp.

Vanquished Creatures
  A hill giant (D:8)
  A centaur zombie (D:8)
  7 yaks
  A deep elf mage (D:6)
  3 basilisks
  A wyvern (D:8)
  The ghost of Monkaria the Skirmisher, an average DsCK of Xom (D:4)
  A hippogriff (D:8)
  4 porcupines
  4 orc warriors
  An ice beast (D:6)
  2 sky beasts
  3 ogres
  2 centaurs
  A phantom (D:6)
  3 big kobolds
  3 giant frogs
  4 scorpions
  A wight (D:7)
  2 jellies
  2 crimson imps
  2 hounds
  3 orc priests
  2 iguanas
  11 orc wizards
  5 worker ants
  A worker ant zombie (D:9)
  12 adders
  4 gnolls (D:7)
  3 river rats
  A shadow imp (D:8)
  A giant eyeball (D:4)
  An ooze (D:4)
  An adder zombie (D:5)
  3 worms
  An adder skeleton (D:8)
  4 giant geckos
  37 orcs
  A ball python (D:4)
  10 bats
  A bat zombie (D:7)
  4 giant cockroaches
  8 goblins
  16 hobgoblins
  17 jackals
  4 quokkas
  2 giant gecko skeletons
  7 giant newts
  A jackal skeleton (D:7)
  19 kobolds
  10 rats
240 creatures vanquished.

Vanquished Creatures (collateral kills)
  An ogre (D:6)
  A centaur (D:5)
  A scorpion (D:7)
  A jelly (D:4)
  2 crimson imps (D:8)
  An orc priest (D:7)
  A river rat (D:9)
  An adder skeleton (D:6)
  An orc (D:9)
  3 kobolds
  A bat (D:4)
  A goblin (D:5)
  2 rats
17 creatures vanquished.

Vanquished Creatures (others)
  4 quasits
  5 crimson imps
  4 iron imps
  12 white imps
  18 ufetubi
43 creatures vanquished.

Grand Total: 300 creatures vanquished

Notes
Turn   | Place    | Note
--------------------------------------------------------------
     0 | D:1      | Monkaria the Demonspawn Chaos Knight began the quest for the Orb.
     0 | D:1      | Reached XP level 1. HP: 18/18 MP: 1/1
    84 | D:1      | Gained mutation: When hurt, damage is shared between your health and your magic reserves. [demonic ancestry]
    84 | D:1      | Reached XP level 2. HP: 21/24 MP: 2/2
   145 | D:1      | XOM: silly message
   337 | D:1      | XOM: silly message
   360 | D:2      | Found a basalt altar of Yredelemnul.
   399 | D:2      | XOM: butterfly on damage
   415 | D:2      | Reached skill level 4 in Fighting
   415 | D:2      | Reached XP level 3. HP: 10/30 MP: 1/3
   422 | D:2      | XOM: harmless Hex miscast
   456 | D:2      | Found a shadowy altar of Dithmenos.
   590 | D:2      | XOM: silly message
   732 | D:2      | HP: 1/32 [poisoned by an adder]
   761 | D:2      | XOM: harmless Conj miscast
  1070 | D:2      | XOM: vitrification
  1114 | D:2      | Gained mutation: You have sharp fingernails. [demonic ancestry]
  1114 | D:2      | Reached XP level 4. HP: 33/38 MP: 4/4
  1136 | D:2      | Found a glowing silver altar of Zin.
  1149 | D:2      | XOM: god gift: glowing rapier {god gift}
  1219 | D:2      | Reached skill level 5 in Fighting
  1349 | D:2      | XOM: god gift: yellow potion
  1509 | D:3      | Found a white marble altar of Elyvilon.
  1618 | D:3      | XOM: noise
  1693 | D:3      | Reached skill level 1 in Unarmed Combat
  1789 | D:3      | XOM: mild Trmt miscast
  2112 | D:3      | Found a snail-covered altar of Cheibriados.
  2113 | D:3      | Found a sparkling altar of Nemelex Xobeh.
  2113 | D:3      | Found an opulent altar of Gozag.
  2113 | D:3      | Found a glowing golden altar of the Shining One.
  2123 | D:3      | Found a sacrificial altar of Ru.
  2140 | D:3      | Noticed an ogre
  2150 | D:3      | XOM: silly message
  2194 | D:4      | Noticed Monkaria's ghost (average DsCK)
  2200 | D:4      | XOM: enchant monster (good)
  2228 | D:4      | XOM: silly message
  2235 | D:3      | XOM: destruction
  2242 | D:3      | XOM: swap monsters
  2246 | D:3      | Killed an ogre
  2246 | D:3      | Gained mutation: You regenerate magic rapidly. [demonic ancestry]
  2246 | D:3      | Reached XP level 5. HP: 5/44 MP: 1/5
  2428 | D:3      | XOM: harmless Ice miscast
  2768 | D:4      | XOM: harmless Chrm miscast
  2936 | D:4      | Gained mutation: You have large cloven feet. [demonic ancestry]
  2936 | D:4      | Reached XP level 6. HP: 23/51 MP: 3/6
  2941 | D:4      | XOM: polymorph orc wizard -> giant eyeball
  2946 | D:4      | Paralysed by a giant eyeball for 4 turns
  3214 | D:4      | XOM: chaos cloud
  3237 | D:4      | XOM: summons 4 friendly demons
  3240 | D:4      | Noticed a giant frog
  3244 | D:4      | Killed a giant frog
  3453 | D:4      | XOM: enchant monster (bad)
  3562 | D:3      | XOM: noise
  3670 | D:4      | XOM: confuse monster(s)
  3684 | D:4      | Killed Monkaria's ghost
  3684 | D:4      | Reached skill level 5 in Unarmed Combat
  3715 | D:4      | XOM: mild Ice miscast
  3750 | D:4      | Gained mutation: A weak demonic guardian rushes to your aid. [demonic ancestry]
  3750 | D:4      | Reached XP level 7. HP: 24/56 MP: 2/7
  3937 | D:4      | Reached skill level 6 in Unarmed Combat
  4404 | D:4      | XOM: vitrification
  4415 | D:4      | XOM: silly message
  4476 | D:4      | XOM: colour smoke trail
  4724 | D:5      | Entered Level 5 of the Dungeon
  4724 | D:5      | Found a shattered altar of Ashenzari.
  4846 | D:5      | Found a glowing silver altar of Zin.
  4855 | D:5      | XOM: blink monster(s)
  5062 | D:5      | XOM: 1-stop teleportation journey
  5164 | D:5      | Reached skill level 7 in Unarmed Combat
  5193 | D:5      | Found a staircase to the Ecumenical Temple.
  5216 | D:5      | XOM: summons friendly white imp
  5532 | D:6      | XOM: harmless Ice miscast
  5561 | D:6      | XOM: enchant monster (good)
  5570 | D:6      | XOM: divination: detect items
  5573 | D:6      | XOM: divination: detect items
  5581 | D:6      | Gained mutation: When low on magic, you restore magic in place of health. [demonic ancestry]
  5581 | D:6      | Reached XP level 8. HP: 27/62 MP: 4/8
  5597 | D:6      | Reached skill level 8 in Unarmed Combat
  5931 | D:6      | XOM: harmless Summ miscast
  6052 | D:6      | XOM: enchant monster (good)
  6106 | D:6      | Noticed a deep elf mage
  6107 | D:6      | XOM: summons friendly quasit
  6113 | D:6      | Killed a deep elf mage
  6113 | D:6      | Reached skill level 9 in Unarmed Combat
  6233 | D:6      | XOM: cast spell 'Spider Form'
  6294 | D:7      | XOM: confuse monster(s)
  6309 | D:7      | XOM: confuse monster(s)
  6362 | D:7      | XOM: divination: magic mapping
  6461 | D:7      | Found a staircase to the Ecumenical Temple.
  6476 | Temple   | Entered the Ecumenical Temple
  6663 | D:6      | Reached skill level 10 in Unarmed Combat
  6663 | D:6      | Gained mutation: You have hoof-like feet. [demonic ancestry]
  6663 | D:6      | Reached XP level 9. HP: 27/68 MP: 9/9
  6962 | D:7      | Found a blossoming altar of Fedhas.
  6993 | D:7      | XOM: colour smoke trail
  7113 | D:7      | XOM: divination: detect items
  7312 | D:7      | XOM: noise
  7348 | D:7      | Found an ancient bone altar of Kikubaaqudgha.
  7349 | D:7      | Found a burning altar of Makhleb.
  7518 | D:7      | XOM: draining
  7553 | D:7      | XOM: medium Chrm miscast
  7614 | D:8      | XOM: chaos upgrade
  7617 | D:8      | Reached skill level 5 in Armour
  7774 | D:8      | XOM: smoke on damage
  7777 | D:7      | XOM: smoke on damage
  7778 | D:7      | XOM: confusion
  7805 | D:7      | XOM: medium Hex miscast
  8128 | D:8      | Found a bloodstained altar of Trog.
  8132 | D:8      | XOM: noise
  8203 | D:8      | Noticed a centaur zombie
  8213 | D:8      | Killed a centaur zombie
  8227 | D:8      | XOM: vitrification
  8293 | D:8      | Noticed a hill giant
  8295 | D:8      | XOM: fake destruction
  8300 | D:8      | XOM: confuse monster(s)
  8309 | D:8      | Killed a hill giant
  8309 | D:8      | Reached XP level 10. HP: 40/74 MP: 10/10
  8381 | D:9      | XOM: polymorph yak -> hippogriff
  8412 | D:8      | XOM: vitrification
  8648 | D:8      | XOM: blink monster(s)
  8826 | D:8      | XOM: god gift: 26 stones
  9040 | D:9      | XOM: enchant monster (good)
  9078 | D:8      | XOM: confuse monster(s)
  9336 | D:9      | Found a staircase to the Lair.
  9730 | D:9      | Noticed Gastronok
  9748 | D:9      | XOM: potion effect (invisibility)
  9761 | D:9      | XOM: divination: detect creatures
  9764 | D:9      | XOM: divination: magic mapping
  9764 | D:9      | Killed from afar by Gastronok

Vault maps used:
D:1:      moated_graveyard_arrival, feat_on_display
D:2:      yredelemnul_altar_generic, zin_academy,
          nicolae_dithmenos_through_a_glass_darkly, kennysheep_generic_room_15
D:3:      grunt_temple_overflow_open, overflow_temple_1_default, first_bread
D:5:      wad_pebble_path, lemuel_crystal_altar,
          minmay_temple_entry_statues_pillars, basic_altar
D:7:      overflow_temple_1_default, gammafunk_temple_overflow_wave,
          minmay_temple_entry_grid, kennysheep_small_circle
D:8:      nicolae_overflow_crystal_walls
D:9:      minmay_lair_entry_grove, uniq_gastronok
Temple:   nicolae_temple_hex_pool_5

Action                   |  1- 3 |  4- 6 |  7- 9 | 10-12 || total
-------------------------+-------+-------+-------+-------++-------
Melee: Falchion          |    85 |   230 |   178 |       ||   493
       Unarmed           |       |       |   347 |   151 ||   498
 Fire: Blowgun           |       |       |     9 |     6 ||    15
Throw: Tomahawk          |       |       |       |     2 ||     2
  Use: Potion            |     2 |     5 |     5 |     3 ||    15
       Scroll            |       |     8 |       |       ||     8
 Stab: Petrifying        |     1 |       |       |       ||     1
       Paralysed         |       |     5 |     5 |       ||    10
       Confused          |       |     1 |       |     1 ||     2
       Distracted        |       |       |     4 |       ||     4
       Sleeping          |       |       |     1 |       ||     1
  Eat: Chunk             |     1 |     7 |    15 |     5 ||    28
       Beef jerky        |       |       |     1 |       ||     1
